 Dungeon Crawl Stone Soup version 0.30-a0-782-ge64f9170bb (webtiles) character file.

Game seed: 11372864350750457401

32 Barriton the Conjurer (level 3, -3/26 HPs)
             Began as a Draconian Conjurer on Feb 23, 2023.
             Slain by Terence
             ... wielding a +0 trident
              (10 damage)
             ... on level 2 of the Dungeon.
             The game lasted 00:02:37 (820 turns).

Barriton the Conjurer (Draconian Conjurer)           Turns: 820, Time: 00:02:38

Health: -3/26      AC:  7    Str:  9    XL:     3   Next: 8%
Magic:  0/6        EV: 12    Int: 20    God:
Gold:   69         SH:  0    Dex:  9    Spells: 3/6 levels left

rFire   . . .      SeeInvis .    b - +0 long sword
rCold   . . .      Faith    .    (no shield)
rNeg    . . .      Spirit   .    (body armour unavailable)
rPois   .          Reflect  .    g - +2 hat
rElec   .          Harm     .    (no cloak)
rCorr   .          Rampage  .    (no gloves)
Will    .....                    (no boots)
Stlth   ++                       (no amulet)
HPRegen 0.24/turn                (no ring)
MPRegen 0.10/turn                (no ring)

@: no status effects
A: AC +5, unfitting armour, cold-blooded
a: no special abilities


You were on level 2 of the Dungeon.
You visited 1 branch of the dungeon, and saw 2 of its levels.

You collected 69 gold pieces.

Inventory:

Hand Weapons
 b - a +0 long sword (weapon)
Armour
 g - a +2 hat (worn)
Potions
 a - a potion of magic
 d - a potion of curing
 f - a potion of might


   Skills:
 + Level 1.9 Dodging
 + Level 2.0 Stealth
 + Level 2.1 Spellcasting
 + Level 4.7 Conjurations


You had 3 spell levels left.
You knew the following spells:

 Your Spells              Type           Power      Damage    Failure   Level
a - Magic Dart            Conj           84%        1d7       2%          1
b - Searing Ray           Conj           42%        2d6       3%          2

Your spell library contained the following spells:

 Spells                   Type           Power      Damage    Failure   Level
 Dazzling Flash           Conj/Hex       22%        N/A       17%         3
 Fulminant Prism          Conj/Hex       5%         3d6       50%         4
 Iskenderun's Mystic Bla  Conj/Tloc      11%        2d4       50%         4


Dungeon Overview and Level Annotations

Branches:
Dungeon (2/15)

Altars:

Annotations:
D:2 Terence


Innate Abilities, Weirdness & Mutations

Your plain brown scales are hard. (AC +5)
You cannot fit into any form of body armour.
You are cold-blooded and may be slowed by cold attacks.


Message History

Confirm with . or Enter, or press ? or * to list all spells.
You don't have enough magic to cast this spell.
Casting: Searing Ray (safe; 3% risk of failure)
Confirm with . or Enter, or press ? or * to list all spells.
Aiming: Magic Dart (safe; 2% risk of failure)
Press: ? - help, Shift-Dir - straight line, f/p - Terence
Aim: Terence, wielding a +0 trident and wearing a +0 scale mail (heavily wounded, 100% to hit)
The magic dart hits Terence.
Terence is severely wounded.
Terence closely misses you.
Found a faded altar of an unknown god.
Terence closely misses you.
You hit Terence but do no damage.
Terence is severely wounded.
Terence hits you with a +0 trident.
You barely miss Terence. You tail-slap Terence.
Terence is severely wounded.
Terence hits you but does no damage.
You hit Terence but do no damage.
You tail-slap Terence, but do no damage.
Terence is severely wounded.
Terence hits you with a +0 trident! Terence barely misses you.
You barely miss Terence.
Your tail-slap misses Terence.
Terence is severely wounded.
Terence barely misses you.
Casting: Magic Dart (safe; 2% risk of failure)
Confirm with . or Enter, or press ? or * to list all spells.
Aiming: Magic Dart (safe; 2% risk of failure)
Press: ? - help, Shift-Dir - straight line, f/p - Terence
Aim: Terence, wielding a +0 trident and wearing a +0 scale mail (severely wounded, 100% to hit)
The magic dart hits Terence but does no damage.
Terence is severely wounded.
Terence closely misses you.
You closely miss Terence.
Terence is severely wounded.
Terence hits you with a +0 trident. Terence hits you with a +0 trident!
* * * LOW HITPOINT WARNING * * *
You barely miss Terence.
Your tail-slap misses Terence.
Terence is severely wounded.
Terence hits you with a +0 trident!
You die...

#.# ## #.#
####..... .#
#.# #.......#
.# #.#
#.......# .#
#.#
#####?......###
.# #.#
#.............^
.###.# #.#
#........^_
.†.<.#
##.###.......#
.#####
#......)@@...#
...#
#..###########
##.######..#
...........#
############


You could see Terence.

Vanquished Creatures
  An adder (D:2)
  A ball python (D:1)
  2 endoplasms (D:1)
  4 giant cockroaches (D:1)
  A goblin (D:1)
  2 hobgoblins (D:1)
  A kobold (D:1)
  A quokka (D:1)
  4 bats
  A frilled lizard (D:1)
  A rat (D:1)
19 creatures vanquished.

Notes
Turn   | Place    | Note
-------+----------+-------------------------------------------
     0 | D:1      | Barriton the Draconian Conjurer began the quest for the
                  | Orb.
     0 | D:1      | Reached XP level 1. HP: 14/14 MP: 3/3
   162 | D:1      | Reached XP level 2. HP: 20/20 MP: 0/5
   719 | D:2      | Learned a level 2 spell: Searing Ray
   744 | D:2      | Reached XP level 3. HP: 26/26 MP: 1/6
   804 | D:2      | Noticed Terence
   813 | D:2      | Found a faded altar of an unknown god.
   820 | D:2      | Slain by Terence

Illustrated notes

Levels and vault maps discovered:
D:1:      lightli_arrival_boilingwater, layout_rooms
D:2:      minmay_recursive_quarters, layout_loops_ring,
          ebering_ecumenical_altar_webs, uniq_terence, uniq_jessica

Skill      XL: |  1  2 |
---------------+-------+-----
Stealth        | 2 |  2.0
Dodging        | |  1.9
Spellcasting   | |  2.1
Conjurations   | |  4.7

Action                     || total
---------------------------++-------
  Melee: Long sword        ||    10
         Tailslap          ||     3
   Cast: Magic Dart        ||    40
         Searing Ray       ||     1
    Use: Scroll            ||     3
 Armour: Skin              ||     5
  Dodge: Dodged            ||    14

Table legend: (Time is in decaauts)
 A = Elapsed time spent in this place.
 B = Non-inter-level travel time spent in this place.
 C = Inter-level travel time spent in this place.
 D = Time resting spent in this place.
 E = Time spent auto-exploring this place.
 F = Levels seen in this place.
 G = Mean time per level.
                   A        B        C        D        E       F      G
               +--------+--------+--------+--------+--------+-----+--------+
         Total |    824 |    814 |     10 |      0 |    700 |   2 |  412.0 |
       Dungeon |    824 |    814 |     10 |      0 |    700 |   2 |  412.0 |
               +--------+--------+--------+--------+--------+-----+--------+

Top non-repeatable levels by time:
     D:1: 717 daAuts
     D:2: 106 daAuts
